cohdb
Replays
Latest Replays
All Replays
Popular Replays
Top Player Replays
Match Explorer
How It Works
Community
CoH3 Stats
Reddit
Sign in to upload your games and track your stats! →
Sign in with Steam
Match 44342094
Unlisted
Match 44342094
Overview
Messages
Build Orders
End
Pioneer Squad
Construct Infanterie Kompanie
MG 42 Machine Gun Team
Selects Terror Battlegroup
Selects Machine Gun Camouflage
MG 42 Machine Gun Team
Grenadier Squad
Infanterie Officer Quarters
Construct Luftwaffe Kompanie
Jäger Squad
Support Elements
Medical Bunker
Wirbelwind Flakpanzer
Wirbelwind Flakpanzer
Jäger Squad
Luftwaffe Officer Quarters
Marder III M Tank Destroyer
Selects Defend the Fatherland
Anticafe
BlueSkidrow™
BlackJackKing
Bego
0
0
Comments
sign in to comment!
No comments posted yet!